 Dungeon Crawl Stone Soup version 0.24-a0-170-gd8427f5388 (webtiles) character file.

Game seed: 15761662348863085912

79539 Morbidden the Brawler (level 15, -4/128 HPs)
             Began as a Purple Draconian Gladiator on Mar 9, 2019.
             Was a High Priest of Yredelemnul.
             Slain by a phantasmal warrior (30 damage)
             ... led by a death knight
             ... on level 13 of the Dungeon.
             The game lasted 01:24:25 (27996 turns).

Morbidden the Brawler (Purple Draconian Gladiator) Turns: 27996, Time: 01:24:25

Health: -4/128     AC: 18    Str: 16    XL:     15   Next: 21%
Magic:  26/28      EV: 19    Int: 17    God:    Yredelemnul [*****.]
Gold:   2830       SH:  0    Dex: 14    Spells: 21/33 levels left

rFire    . . .     SeeInvis +     - Unarmed
rCold    . . .     Gourm    .   (no shield)
rNeg     . . .     Faith    +   (armour unavailable)
rPois    +         Spirit   .   g - +2 hat {Int+3}
rElec    .         Reflect  .   K - +0 cloak
rCorr    .         Harm     .   D - +2 pair of gloves
MR       +....                  j - +2 pair of boots {run}
Stlth    ++........             N - amulet of faith
HPRegen  0.31/turn              S - ring of see invisible
MPRegen  0.21/turn              f - ring of poison resistance

@: vulnerable, singing, quick
A: breathe power, unfitting armour, cold-blooded, AC +9
a: Breathe Dispelling Energy, Recall Undead Slaves, Injury Mirror, Animate Dead,
Drain Life, Enslave Soul, Renounce Religion


You were on level 13 of the Dungeon.
You worshipped Yredelemnul.
Yredelemnul was extremely pleased with you.
You were very hungry.

You visited 3 branches of the dungeon, and saw 22 of its levels.
You also visited: Sewer.

You collected 2830 gold pieces.

Inventory:

Missiles
 a - 4 javelins
 b - 6 throwing nets
 q - 22 tomahawks (quivered)
Armour
 g - a +2 hat of intelligence (worn)
 j - a +2 pair of boots of running (worn)
 D - a +2 pair of gloves (worn)
 K - a +0 cloak (worn)
Jewellery
 f - a ring of poison resistance (right hand)
 n - an uncursed ring of fire
 s - an uncursed ring of ice
 F - an uncursed ring of stealth
 N - an amulet of faith (around neck)
 S - a ring of see invisible (left hand)
 U - the amulet of Dowupnak {Gourm Str+4 Dex+3 Stlth-}
   (You acquired it on level 12 of the Dungeon)

   [amulet of the gourmand]

   It allows you to eat raw meat even when not hungry.
   It affects your strength (+4).
   It affects your dexterity (+3).
   It makes you less stealthy.
 W - a +4 ring of evasion
Wands
 y - a wand of acid (23)
 C - a wand of iceblast (33)
 E - a wand of flame (6)
 M - a wand of digging (7)
 Q - a wand of disintegration (37)
 T - a wand of enslavement (9)
Scrolls
 e - 2 scrolls of noise
 h - 6 scrolls of magic mapping
 i - 10 scrolls of remove curse
 p - 2 scrolls of enchant weapon
 r - 6 scrolls of amnesia
 u - 12 scrolls of teleportation
 w - 6 scrolls of immolation
 x - a scroll of brand weapon {unknown}
 L - 4 scrolls of identify
 P - a scroll of fear
Potions
 d - 2 potions of degeneration {unknown}
 k - 5 potions of agility
 l - 14 potions of curing
 m - 2 potions of heal wounds
 o - 4 potions of flight
 t - a potion of might
 v - 2 potions of brilliance
 z - 2 potions of ambrosia
 A - 3 potions of magic
 B - 2 potions of invisibility
 G - a potion of cancellation
 H - 3 potions of resistance
 I - 2 potions of lignification
 J - 2 potions of haste
Miscellaneous
 O - a phial of floods
 R - a lamp of fire
Comestibles
 c - 15 rations


   Skills:
 * Level 10.7 Fighting
 + Level 2.7 Throwing
 + Level 10.5 Dodging
 - Level 2.0 Stealth
 * Level 15.9 Unarmed Combat
 * Level 9.8 Spellcasting
 + Level 5.5 Charms
 + Level 2.0 Necromancy
 * Level 2.2 Transmutations
 * Level 9.1 Invocations
 + Level 10.1 Evocations


You had 21 spell levels left.
You knew the following spells:

 Your Spells              Type           Power        Failure   Level  Hunger
a - Song of Slaying       Chrm           ####....     1%          2    None
b - Dragon Form           Tmut           ###.......   100%        7    #######
z - Regeneration          Chrm/Necr      ###.......   5%          3    None

Your spell library contained the following spells:

 Spells                   Type           Power        Failure   Level  Hunger
 Infusion                 Chrm           ####         1%          1    None
 Shroud of Golubria       Chrm/Tloc      ###.......   4%          2    None
 Corpse Rot               Necr           N/A          5%          2    None
 Apportation              Tloc           #.....       9%          1    None
 Corona                   Hex            #......      9%          1    None
 Flame Tongue             Conj/Fire      #....        9%          1    None
 Freeze                   Ice            #...         9%          1    None
 Magic Dart               Conj           #...         9%          1    None
 Sandblast                Erth           #.....       9%          1    None
 Summon Butterflies       Summ           #.......     9%          1    None
 Passwall                 Tmut/Erth      ##......     9%          2    None
 Ozocubu's Armour         Chrm/Ice       ###.....     9%          3    None
 Spectral Weapon          Hex/Chrm       ###.....     9%          3    None
 Blink                    Tloc           N/A          13%         2    None
 Call Imp                 Summ           #.......     13%         2    None
 Ensorcelled Hibernation  Hex/Ice        #.....       13%         2    None
 Searing Ray              Conj           #.....       13%         2    None
 Slow                     Hex            #.......     13%         2    None
 Throw Frost              Conj/Ice       #.....       13%         2    None
 Confuse                  Hex            #.......     26%         3    None
 Conjure Flame            Conj/Fire      #.......     26%         3    None
 Dazzling Spray           Conj/Hex       #.....       26%         3    None
 Lesser Beckoning         Tloc           #.........   26%         3    None
 Mephitic Cloud           Conj/Pois/Air  #.......     26%         3    None
 Stone Arrow              Conj/Erth      #.....       26%         3    None
 Tukima's Dance           Hex            #.......     26%         3    None
 Petrify                  Tmut/Erth      ##......     47%         4    ###....
 Cause Fear               Hex            #.........   65%         4    ###....
 Force Lance              Conj/Tloc      #.......     65%         4    ###....
 Fulminant Prism          Conj/Hex       #.........   65%         4    ###....
 Iskenderun's Mystic Bla  Conj           #.......     65%         4    ###....
 Leda's Liquefaction      Hex/Erth       #.........   65%         4    ###....
 Summon Ice Beast         Ice/Summ       #.......     65%         4    ###....
 Throw Icicle             Conj/Ice       #.......     65%         4    ###....
 Alistair's Intoxication  Tmut/Pois      ##......     83%         5    #####..
 Lee's Rapid Deconstruct  Erth           #.........   94%         5    #####..
 Summon Forest            Summ/Tloc      #.........   94%         5    #####..
 Hydra Form               Tmut           ###.......   99%         6    ######.
 Bolt of Fire             Conj/Fire      #.........   100%        6    ######.
 Invisibility             Hex            #.......     100%        6    ######.
 Summon Hydra             Summ           #.........   100%        7    #######
 Dragon's Call            Summ           #.........   100%        9    #######


Dungeon Overview and Level Annotations

Branches:
Dungeon (15/15)            Temple (1/1) D:7            Lair (6/6) D:11
  Swamp (0/4) Lair:2        Snake (0/4) Lair:3        Slime (0/5) Lair:5
    Orc (0/2) D:10         Vaults (0/5) D:13         Depths (0/5) D:15

Altars:
Ashenzari
Cheibriados
Dithmenos
Elyvilon
Fedhas
Gozag
Hepliaklqana
Kikubaaqudgha
Makhleb
Nemelex Xobeh
Okawaru
Qazlal
Ru
Sif Muna
Trog
Uskayaw
Vehumet
Wu Jian
Xom
Yredelemnul
Zin
The Shining One
Jiyva

Shops:
D:10 =   D:11 ?

Annotations:
D:5 Duvessa
D:10 2 transporters, loom's ghost, novice GnSk
Lair:3 exclusion: 4 oklob plants
Lair:5 1 runed translucent door


Innate Abilities, Weirdness & Mutations

You can breathe bolts of dispelling energy.
Your rich purple scales are hard. (AC +9)
You cannot fit into any form of body armour.
You are cold-blooded and may be slowed by cold attacks.


Message History

The death knight hits your scorpion zombie with a +3 broad axe!
The phantasmal warrior blinks!
Unknown command.
Unknown command.
You hit the phantasmal warrior but do no damage.
The death knight's dark mirror aura disappears.
The phantasmal warrior hits you!!
* * * LOW HITPOINT WARNING * * *
Your magical defenses are stripped away!
You hit the phantasmal warrior but do no damage.
The death knight hits your orc wizard zombie with a +3 broad axe!
Unknown command.
Okay, then.
You fail to use your ability.
The phantasmal warrior hits you!
* * * LOW HITPOINT WARNING * * *
Unknown command.
Your skin stops crawling.
The phantasmal warrior hits you!!
You die...
Your body rises from the dead as a mindless zombie.

.## #..(.##
.......).#. . ..####
#.....## ......... ##
.....# ##......##
#........ # .....#
#........#####.[......
+ .....#
##.........##.....(..#
. ...(.#
##........#p.........
.....#
##......ZZ.#........
.....#
###...WZ.##....##..
.....# ##.@.###.....#
# .....# ###..###
....## .....# ###...##
..... .....# ##...###
..### ....#####...##
....###...###
...##....##
.....>.#.......
......#........


You could see a death knight, a phantasmal warrior, a friendly scorpion zombie,
a friendly orc priest zombie and a friendly orc wizard zombie.

Vanquished Creatures
  Gastronok (D:8)
  An ettin (D:12)
  A rakshasa (D:15)
  2 hydras (D:12)
  5 centaur warriors
  3 two-headed ogres
  3 death yaks (Lair:6)
  An unseen horror (D:15)
  A harpy (D:12)
  2 deep elf magi
  A wolf spider zombie (D:14)
  A cyclops (D:11)
  2 manticores
  11 elephants
  16 ugly things
  3 gargoyles (D:12)
  3 centaur skeletons
  A black mamba (Lair:5)
  11 spiny frogs
  A yaktaur (D:12)
  2 freezing wraiths (D:12)
  5 komodo dragons
  7 trolls
  A polar bear (Lair:3)
  A meliai (shapeshifter) (D:15)
  3 blink frogs (Lair:5)
  2 slime creatures (D:15)
  2 dream sheep (Lair:6)
  8 hippogriffs
  A vampire (D:13)
  3 shadows
  3 wyverns
  39 yaks
  5 wraiths
  4 hungry ghosts
  A human (shapeshifter) (D:15)
  A human (D:6)
  A basilisk (D:12)
  4 hogs (D:7)
  A steam dragon (D:15)
  6 vampire mosquitoes
  2 acid dragons
  6 nagas (Lair:3)
  11 water moccasins
  9 porcupines
  8 orc warriors
  A black bear (shapeshifter) (D:15)
  6 ice beasts
  An eye of draining (D:8)
  10 sky beasts
  6 ogres
  A black bear (D:11)
  An eye of draining (shapeshifter) (D:15)
  2 boggarts (D:15)
  4 phantoms
  6 centaurs
  12 crocodiles
  19 wolves
  Blork the orc (D:6)
  6 bullfrogs
  4 big kobolds
  A gnoll sergeant (D:12)
  2 wyvern zombies
  A troll zombie (D:10)
  2 wyvern skeletons
  9 scorpions
  15 killer bees
  A howler monkey (D:12)
  8 crimson imps
  4 centaur zombies
  2 quasits
  3 bullfrog zombies
  10 hounds
  9 orc priests
  9 orc wizards
  2 bullfrog skeletons
  2 jellies
  7 iguanas
  5 worker ants
  A statue (D:8)
  7 ogre zombies (D:10)
  A howler monkey zombie (D:11)
  A worker ant zombie (D:9)
  2 gnolls
  20 adders
  4 shadow imps
  2 oozes
  2 adder zombies
  2 worms
  13 dart slugs
  8 leopard geckos
  67 orcs
  A ball python (Sewer)
  4 bats
  11 giant cockroaches
  9 goblins
  9 hobgoblins
  20 jackals
  A quokka (D:3)
  9 frilled lizards
  2 goblin skeletons (D:10)
  2 goblin zombies (D:10)
  A hobgoblin skeleton (D:10)
  2 hobgoblin zombies (D:10)
  A jackal zombie (D:7)
  23 kobolds
  2 orc skeletons (D:10)
  15 orc zombies (D:10)
  A quokka skeleton (D:9)
  A quokka zombie (D:5)
  10 rats
  A fungus (Lair:3)
  A plant (Lair:6)
634 creatures vanquished.

Vanquished Creatures (collateral kills)
  3 hydras
  4 catoblepae (Lair:6)
  A centaur warrior (D:13)
  3 death yaks (Lair:6)
  Nergalle (Lair:3)
  Sonja (Lair:5)
  A wizard (D:13)
  2 ugly things
  A deep elf mage (D:12)
  A manticore (Lair:6)
  A cyclops (D:12)
  6 elephants
  2 black mambas
  A centaur skeleton (D:13)
  3 komodo dragons
  6 spiny frogs
  A blink frog (Lair:5)
  3 slime creatures (D:15)
  2 dream sheep (Lair:6)
  A vampire (D:11)
  2 wraiths
  A hungry ghost (D:10)
  A wyvern (Lair:6)
  15 yaks
  An acid dragon (D:12)
  5 water moccasins
  An orc warrior (D:11)
  A black bear (D:11)
  2 eyes of draining
  A phantom (D:12)
  A boggart (D:15)
  3 wolves
  A crocodile (Lair:3)
  A big kobold (D:12)
  4 bullfrogs
  A wyvern skeleton (D:13)
  A killer bee (D:11)
  2 howler monkeys
  A crimson imp (D:13)
  A jelly (D:13)
  2 iguanas (D:12)
  2 orc wizards (D:12)
  2 worker ants (D:12)
  A hound zombie (D:11)
  An adder (D:12)
  A leopard gecko (D:11)
  2 orcs
  A hobgoblin zombie (D:10)
  A bush (Lair:5)
  3 butterflies (Lair:3)
  14 fungi
  15 plants
135 creatures vanquished.

Vanquished Creatures (others)
  A skeletal warrior (D:13)
  A phantasmal warrior (D:13)
  6 ugly thing zombies
  A spectral spriggan (D:15)
  An ugly thing skeleton (D:12)
  2 centaur zombies (D:13)
  2 death yak zombies (Lair:6)
  A centaur skeleton (D:12)
  3 hydra zombies
  3 vampires
  4 wraiths
  2 spiny frog zombies
  An elf zombie (D:15)
  3 elephant zombies
  A blink frog zombie (Lair:5)
  2 dream sheep zombies (Lair:6)
  2 elephant skeletons (Lair:5)
  An elf skeleton (D:12)
  A blink frog skeleton (Lair:5)
  A bullfrog (D:6)
  A komodo dragon zombie (D:12)
  2 water moccasin zombies
  A wyvern zombie (Lair:6)
  2 troll zombies (D:12)
  A polar bear zombie (Lair:3)
  A cyclops skeleton (D:11)
  13 yak zombies
  4 yak skeletons (D:11)
  A wight (Lair:3)
  7 wolf zombies
  4 bullfrog zombies
  A black bear zombie (D:11)
  2 porcupine zombies (D:11)
  A black bear skeleton (D:11)
  2 killer bee zombies (D:12)
  2 sky beast zombies
  3 crocodile zombies
  An acid dragon zombie (D:15)
  An ogre skeleton (D:11)
  2 mummies
  A howler monkey zombie (D:12)
  A scorpion zombie (D:10)
  A steam dragon zombie (D:15)
  An iguana zombie (D:12)
  12 orc zombies
  An adder zombie (D:12)
  2 iguana skeletons
  A leopard gecko skeleton (D:11)
  A leopard gecko zombie (D:11)
  3 orc skeletons (D:11)
  19 fungi
  9 plants
143 creatures vanquished.

Grand Total: 912 creatures vanquished

Notes
Turn   | Place    | Note
-------+----------+-------------------------------------------
     0 | D:1      | Morbidden the Draconian Gladiator began the quest for the
                  | Orb.
     0 | D:1      | Reached XP level 1. HP: 17/17 MP: 1/1
    89 | D:1      | Reached XP level 2. HP: 22/25 MP: 2/2
   453 | D:1      | Reached XP level 3. HP: 18/30 MP: 3/3
   959 | D:2      | Reached skill level 4 in Unarmed Combat
  1343 | D:2      | Reached XP level 4. HP: 29/38 MP: 4/4
  2257 | D:3      | Reached XP level 5. HP: 36/45 MP: 5/5
  2547 | D:3      | HP: 1/45 [orc/+0 whip of distortion (3)]
  2841 | D:3      | Reached skill level 5 in Unarmed Combat
  3453 | D:4      | Found a glowing drain.
  3496 | Sewer    | Entered a sewer
  3624 | Sewer    | Reached XP level 6. HP: 38/51 MP: 6/6
  3791 | Sewer    | Reached skill level 6 in Unarmed Combat
  5281 | D:5      | Entered Level 5 of the Dungeon
  5324 | D:5      | Your scales start taking on a rich purple colour.
  5324 | D:5      | Reached XP level 7. HP: 44/58 MP: 7/7
  5359 | D:5      | Reached skill level 7 in Unarmed Combat
  5373 | D:5      | Found a deep blue altar of Sif Muna.
  5424 | D:5      | Noticed Duvessa
  5472 | D:5      | Learned a level 2 spell: Song of Slaying
  5783 | D:5      | Reached skill level 1 in Spellcasting
  5929 | D:5      | Reached skill level 1 in Charms
  6091 | D:5      | Reached XP level 8. HP: 49/67 MP: 10/10
  6096 | D:5      | Reached skill level 8 in Unarmed Combat
  6560 | D:6      | Noticed an angel
  6571 | D:6      | Found a glowing silver altar of Zin.
  6571 | D:6      | Found a shimmering altar of Xom.
  6587 | D:6      | Noticed Blork the orc
  6595 | D:6      | Killed Blork the orc
  6714 | D:6      | Reached skill level 9 in Unarmed Combat
  7056 | D:7      | Reached skill level 5 in Fighting
  7056 | D:7      | Reached XP level 9. HP: 68/74 MP: 13/13
  7421 | D:6      | Reached skill level 10 in Unarmed Combat
  8531 | D:6      | Reached skill level 5 in Dodging
  8967 | D:7      | Found a staircase to the Ecumenical Temple.
  8993 | Temple   | Entered the Ecumenical Temple
  9034 | Temple   | Became a worshipper of Yredelemnul the Dark
  9118 | D:7      | Reached skill level 11 in Unarmed Combat
  9125 | D:7      | Reached skill level 1 in Invocations
  9887 | D:8      | Reached XP level 10. HP: 75/83 MP: 15/15
  9924 | D:8      | Found an iron altar of Okawaru.
 10062 | D:8      | Noticed Gastronok
 10122 | D:8      | Killed Gastronok
 10122 | D:8      | Reached skill level 12 in Unarmed Combat
 10261 | D:8      | Reached * piety under Yredelemnul
 10319 | D:8      | Found an iron altar of Okawaru.
 10375 | D:8      | Found a blossoming altar of Fedhas.
 10375 | D:8      | Found a shadowy altar of Dithmenos.
 10376 | D:8      | Found a hide-covered altar of Uskayaw.
 10407 | D:8      | Found a radiant altar of Vehumet.
 11037 | D:9      | Reached XP level 11. HP: 81/91 MP: 18/18
 11409 | D:9      | Reached skill level 5 in Spellcasting
 11520 | D:9      | Reached ** piety under Yredelemnul
 11621 | D:10     | Entered Level 10 of the Dungeon
 11694 | D:10     | Reached skill level 5 in Charms
 11766 | D:10     | Found a staircase to the Orcish Mines.
 11953 | D:10     | Noticed a two-headed ogre
 11962 | D:10     | Killed a two-headed ogre
 11962 | D:10     | Reached XP level 12. HP: 74/97 MP: 19/19
 12073 | D:10     | Found Kuischawa's Jewellery Shoppe.
 12079 | D:10     | Reached *** piety under Yredelemnul
 12089 | D:10     | Found a transporter.
 12089 | D:10     | Noticed loom's ghost (novice GnSk)
 12160 | D:10     | Found a transporter.
 12488 | D:11     | Found a staircase to the Lair.
 12575 | D:11     | Noticed an eight-headed hydra
 12577 | D:11     | Reached skill level 13 in Unarmed Combat
 12802 | D:10     | Killed an eight-headed hydra
 12860 | D:11     | Noticed a two-headed ogre
 12878 | D:11     | Killed a two-headed ogre
 13183 | D:11     | Learned a level 3 spell: Regeneration
 13286 | D:11     | Reached **** piety under Yredelemnul
 13286 | D:11     | Received a gift from Yredelemnul (a mummy)
 13627 | D:11     | Found Tumaipru's Magic Scroll Shoppe.
 14221 | D:12     | Received a gift from Yredelemnul (a mummy)
 14229 | D:12     | Noticed a six-headed hydra
 14232 | D:12     | Noticed a six-headed hydra
 14236 | D:12     | Noticed an ettin
 14526 | Lair:1   | Entered Level 1 of the Lair of Beasts
 15222 | Lair:1   | Reached skill level 1 in Necromancy
 15226 | Lair:1   | Identified a scroll of acquirement
 15240 | Lair:1   | Identified a +0 pair of boots of running (You acquired it
                  | on level 1 of the Lair of Beasts)
 15357 | Lair:1   | Reached skill level 5 in Invocations
 15706 | Lair:2   | Received a gift from Yredelemnul (a mummy)
 16035 | Lair:2   | Found a staircase to the Swamp.
 16280 | Lair:3   | Reached XP level 13. HP: 106/107 MP: 23/23
 16634 | Lair:3   | Received a gift from Yredelemnul (a wight)
 16804 | Lair:3   | Noticed Nergalle
 16822 | Lair:3   | Killed Nergalle
 17187 | Lair:3   | Reached skill level 14 in Unarmed Combat
 17220 | Lair:3   | Found a staircase to the Snake Pit.
 18444 | Lair:5   | Found a runed translucent door.
 18473 | Lair:5   | Found a viscous altar of Jiyva.
 18474 | Lair:5   | Found a staircase to the Slime Pits.
 18521 | Lair:5   | Received a gift from Yredelemnul (a wraith)
 18596 | Lair:5   | Noticed Sonja
 18616 | Lair:5   | Killed Sonja
 19151 | Lair:5   | Reached skill level 1 in Stealth
 19305 | Lair:5   | Reached ***** piety under Yredelemnul
 19305 | Lair:5   | Received a gift from Yredelemnul (a vampire)
 19583 | Lair:6   | Entered Level 6 of the Lair of Beasts
 20153 | Lair:6   | Received a gift from Yredelemnul (a wraith)
 20536 | Lair:6   | Reached XP level 14. HP: 85/118 MP: 26/26
 21222 | Lair:6   | Reached skill level 15 in Unarmed Combat
 21955 | Lair:3   | Received a gift from Yredelemnul (a phantasmal warrior)
 22477 | D:12     | Reached skill level 10 in Evocations
 22498 | D:12     | Reached skill level 10 in Fighting
 22606 | D:12     | Received a gift from Yredelemnul (a wraith)
 23216 | D:12     | Reached ****** piety under Yredelemnul
 23426 | D:12     | Learned a level 7 spell: Dragon Form
 23617 | D:12     | Reached skill level 10 in Dodging
 23617 | D:12     | Received a gift from Yredelemnul (a phantasmal warrior)
 23619 | D:12     | Got an ancient steel amulet
 23620 | D:12     | Identified the amulet of Dowupnak {Gourm Str+4 Dex+3
                  | Stlth-} (You acquired it on level 12 of the Dungeon)
 23980 | D:13     | Received a gift from Yredelemnul (a skeletal warrior)
 24294 | D:13     | Found a gate to the Vaults.
 24299 | D:13     | Reached skill level 1 in Transmutations
 24407 | D:13     | You fall through a shaft for 2 floors!
 24407 | D:15     | Entered Level 15 of the Dungeon
 25144 | D:15     | Noticed Agnes
 25527 | D:15     | Reached XP level 15. HP: 77/128 MP: 28/28
 25643 | D:15     | Received a gift from Yredelemnul (a vampire)
 25748 | D:15     | Killed Agnes
 25748 | D:15     | Enslaved Agnes
 26030 | D:15     | Found a staircase to the Depths.
 26088 | D:15     | Your ally Agnes died
 26128 | D:15     | Received a gift from Yredelemnul (a vampire)
 27278 | D:14     | Received a gift from Yredelemnul (a flayed ghost)
 27996 | D:13     | Slain by a phantasmal warrior

Levels and vault maps discovered:
D:1:      ncdulo_halloftheorcs, layout_rooms, minmay_tetromino_s2
D:2:      layout_loops_ring
D:3:      kennysheep_slugbush, layout_loops_cross
D:4:      wander_river, layout_layer_cave, first_ration, portal_sewer_entry_d
D:5:      layout_gridville, led_sif_pool, kennysheep_generic_room_9,
          uniq_duvessa
D:6:      layout_rooms, grunt_temple_overflow_order_and_chaos_1,
          minmay_microvault, uniq_blork_the_orc
D:7:      layout_cave_pools, minmay_temple_entry_water_ring, grunt_livestock
D:8:      layout_rooms, vehumet_statue, gammafunk_temple_overflow_claw,
          basic_altar, kennysheep_okawaru_gauntlet, uniq_gastronok
D:9:      layout_loops_ring
D:10:     layout_roguey, zombieorc2_lemuel, serial_shops, nicolae_shop_crystal,
          gammafunk_ghost_mausoleum
D:11:     layout_rooms, minmay_lair_entry_grove, serial_shops,
          nicolae_shop_trees
D:12:     minmay_the_grid_square_5x5_5x5_mashed [minmay_the_grid_square_5x5_c,
          minmay_the_grid_square_5x5_sharp_hourglass,
          minmay_the_grid_square_5x5_eight,
          minmay_the_grid_square_5x5_intrusive_squares,
          minmay_the_grid_square_5x5_inner_v,
          minmay_the_grid_square_5x5_hollow_slash,
          minmay_the_grid_square_5x5_prize_rear_guard,
          minmay_the_grid_square_5x5_trominoes,
          minmay_the_grid_square_5x5_prize_monsterx,
          minmay_the_grid_square_5x5_pentomino_r,
          minmay_the_grid_square_5x5_lines, minmay_the_grid_square_5x5_moneybag,
          minmay_the_grid_square_5x5_prize_gold,
          minmay_the_grid_square_5x5_half_checkered,
          minmay_the_grid_square_5x5_corner,
          minmay_the_grid_square_5x5_shuriken,
          minmay_the_grid_square_5x5_prize_open,
          minmay_the_grid_square_5x5_two_small,
          minmay_the_grid_square_5x5_prize_deathbox,
          minmay_the_grid_square_5x5_gyroscope,
          minmay_the_grid_square_5x5_misaligned,
          minmay_the_grid_square_5x5_bridge, minmay_the_grid_square_5x5_comb,
          minmay_the_grid_square_5x5_fat_x, minmay_the_grid_square_5x5_minimal],
          layout_rooms
D:13:     layout_cave_pods, david_vaults_1, minmay_fractal_squares_diagonal_5
D:14:     layout_roguey
D:15:     gammafunk_enter_depths_forms, layout_irregular_city, uniq_agnes
Temple:   minmay_freezing_vapour_temple
Lair:1:   layout_chaotic_city
Lair:2:   layout_cave_shapes, swamp_mist
Lair:3:   layout_gridlike, minmay_snake_entry_guardpost_large,
          minmay_lair_oklob_chamber, serial_bayou_shore_a, grunt_megastairs_3,
          lemuel_fruit_fields, uniq_nergalle
Lair:4:   layout_cave_pods
Lair:5:   layout_roguey, slime_altar_2, uniq_sonja
Lair:6:   evilmike_catoblepas_cave, layout_loops_ring, grunt_megastairs_1,
          serial_bayou_shore_b
Sewer:    kennysheep_pipe_town

Skill      XL: |  1  2  3  4  5  6  7  8  9 10 11 12 13 14 15 |
---------------+----------------------------------------------+-----
Dodging        | 3 4 5 6 7 9 10 | 10.5
Unarmed Combat | 4 5 6 7 9 11 12 13 14 15 | 15.9
Fighting       | 3 4 5 6 8 9 10 | 10.7
Spellcasting   | 1 2 3 4 5 6 8 9 |  9.8
Charms         | 1 2 3 4 5 |  5.5
Invocations    | 1 3 5 7 8 9 |  9.1
Throwing       | 2 |  2.7
Evocations     | 9 10 | 10.1
Necromancy     | 2 |  2.0
Stealth        | 1 2 |  2.0
Transmutations | 1 2 |  2.2

Action                   |  1- 3 |  4- 6 |  7- 9 | 10-12 | 13-15 || total
-------------------------+-------+-------+-------+-------+-------++-------
Melee: Unarmed           |   169 |   305 |   459 |   693 |  1168 ||  2794
       Tailslap          |    16 |    49 |    66 |   101 |   213 ||   445
       Punch             |     4 |    14 |    23 |    39 |   103 ||   183
Throw: Javelin           |     2 |     2 |       |     2 |       ||     6
       Tomahawk          |     1 |     6 |       |    15 |    19 ||    41
       Throwing net      |       |       |       |     2 |       ||     2
 Cast: Song of Slaying   |       |       |       |    11 |     7 ||    18
       Regeneration      |       |       |       |       |     4 ||     4
Invok: Animate Remains   |       |       |       |     6 |       ||     6
       Animate Dead      |       |       |       |    28 |    70 ||    98
       Drain Life        |       |       |       |     5 |     9 ||    14
       Injury Mirror     |       |       |       |       |     2 ||     2
       Enslave Soul      |       |       |       |       |     1 ||     1
 Abil: Breathe Dispellin |       |       |    18 |    19 |    12 ||    49
Evoke: Wand              |       |       |     4 |    15 |    24 ||    43
       Phial of floods   |       |       |       |       |     3 ||     3
       Lamp of fire      |       |       |       |       |     1 ||     1
  Use: Scroll            |       |     4 |       |    15 |    17 ||    36
       Potion            |       |     5 |     1 |     4 |    13 ||    23
 Stab: Sleeping          |       |     1 |       |     1 |    10 ||    12
       Held in net/web   |       |       |       |     2 |       ||     2
       Distracted        |       |       |       |     2 |    13 ||    15
  Eat: Chunk             |     1 |     5 |    17 |    13 |    17 ||    53
       Ration            |       |     2 |     1 |     9 |    14 ||    26
Armor: Skin              |    40 |    79 |   119 |   215 |   396 ||   849
Dodge: Dodged            |   149 |   241 |   324 |   612 |   909 ||  2235

Table legend:
 A = Non-vault XP
 B = Vault XP
 C = Vault XP percentage of total XP
 D = Non-vault monster count
 E = Vault monster count
 F = Vault count percentage of total count
                 A         B        C        D         E       F
            +---------+---------+-------+---------+---------+-------
      Total |   65892 |   38434 |  36.8 |     514 |     220 |  30.0
            +---------+---------+-------+---------+---------+-------
        D:1 |      48 |       2 |   4.0 |      27 |       1 |   3.6
        D:2 |      79 |       0 |   0.0 |      26 |       0 |   0.0
        D:3 |     118 |      44 |  27.2 |      18 |      11 |  37.9
        D:4 |     148 |      13 |   8.1 |       9 |       1 |  10.0
        D:5 |     998 |       0 |   0.0 |      33 |       0 |   0.0
        D:6 |    1590 |     298 |  15.8 |      45 |       3 |   6.2
        D:7 |     806 |     783 |  49.3 |      22 |       4 |  15.4
        D:8 |     802 |    2394 |  74.9 |      20 |       4 |  16.7
        D:9 |    2409 |       0 |   0.0 |      31 |       0 |   0.0
       D:10 |    2590 |     624 |  19.4 |      11 |      36 |  76.6
       D:11 |    4731 |    1431 |  23.2 |      42 |      13 |  23.6
       D:12 |    3314 |   15953 |  82.8 |      27 |      65 |  70.7
       D:13 |    5789 |    1931 |  25.0 |      30 |       8 |  21.1
       D:14 |    3309 |       0 |   0.0 |      11 |       0 |   0.0
       D:15 |    9774 |    1926 |  16.5 |      27 |      10 |  27.0
     Lair:1 |    3912 |       0 |   0.0 |      18 |       0 |   0.0
     Lair:2 |    2383 |       0 |   0.0 |      13 |       0 |   0.0
     Lair:3 |    3287 |    1987 |  37.7 |      18 |      10 |  35.7
     Lair:4 |    2765 |       0 |   0.0 |      12 |       0 |   0.0
     Lair:5 |    9582 |     401 |   4.0 |      41 |       1 |   2.4
     Lair:6 |    7458 |   10419 |  58.3 |      33 |      29 |  46.8
      Sewer |       0 |     228 | 100.0 |       0 |      24 | 100.0
            +---------+---------+-------+---------+---------+-------
